 Dungeon Crawl Stone Soup version 0.25.1-9-gc5326a611f (webtiles) character file.

Game seed: 4546386356897787467

10112 funkygono the Basher (level 11, -5/94 HPs)
             Began as a Minotaur Fighter on Dec 29, 2020.
             Was an Elder of Okawaru.
             Slain by a yak (11 damage)
             ... on level 3 of the Lair of Beasts.
             The game lasted 00:19:51 (10973 turns).

funkygono the Basher (Minotaur Fighter)            Turns: 10973, Time: 00:19:51

Health: -5/94      AC: 18    Str: 22    XL:     11   Next: 31%
Magic:  10/10      EV: 11    Int:  5    God:    Okawaru [****..]
Gold:   556        SH:  0    Dex: 12    Spells: 10/10 levels left

rFire    + . .     SeeInvis .   a - -3 demon whip
rCold    + . .     Gourm    .   (no shield)
rNeg     . . .     Faith    .   h - +3 chain mail {rC+}
rPois    .         Spirit   .   (helmet restricted)
rElec    .         Reflect  .   p - +1 cloak
rCorr    .         Harm     .   (no gloves)
MR       .....                  y - +0 pair of boots
Stlth    ..........             (no amulet)
HPRegen  0.25/turn              k - ring of flight
MPRegen  0.12/turn              w - ring of protection from fire

@: no status effects
A: retaliatory headbutt, horns 2
a: Heroism, Renounce Religion, Evoke Flight


You were on level 3 of the Lair of Beasts.
You worshipped Okawaru.
Okawaru was greatly pleased with you.
You were not hungry.

You visited 2 branches of the dungeon, and saw 11 of its levels.

You collected 669 gold pieces.
You spent 113 gold pieces at shops.

Inventory:

Hand Weapons
 a - a -3 demon whip (weapon)
 b - the +8 arbalest of the Extremes {penet, +Inv rC+ Int+4}
   (You took it off a wight on level 7 of the Dungeon)

   Ammo fired by it will pass through the targets it hits, potentially hitting
   all targets in its path until it reaches maximum range.
   It affects your intelligence (+4).
   It protects you from cold.
   It lets you turn invisible.
 m - a +2 whip of venom
 o - a +3 quarterstaff of chaos
 v - a +2 whip of freezing
Missiles
 e - 320 stones
 g - 4 silver javelins (quivered)
 l - 14 boomerangs
 n - 44 bolts
 s - 60 poisoned darts
Armour
 c - a +1 kite shield
 h - a +3 chain mail of cold resistance (worn)
 p - a +1 cloak (worn)
 y - a +0 pair of boots (worn)
 L - the +0 cloak "Daomeov" {Int+8 Dex-4}
   (You found it on level 8 of the Dungeon)

   It affects your intelligence (+8).
   It affects your dexterity (-4).
Jewellery
 k - a ring of flight (left hand)
 w - a ring of protection from fire (right hand)
Wands
 F - a wand of digging (5)
 G - a wand of disintegration (18)
 H - a wand of polymorph (18)
 I - a wand of acid (11)
Scrolls
 i - 6 scrolls of teleportation
 u - 5 scrolls of fog
 D - 3 scrolls of blinking
 E - 3 scrolls of remove curse
 J - a scroll of identify
 K - a scroll of fear
Potions
 d - 2 potions of might
 j - 2 potions of curing
 q - a potion of resistance
 r - a potion of heal wounds
 t - 2 potions of flight
 x - 2 potions of lignification
 z - a potion of invisibility {unknown}
 A - a potion of stabbing
 B - a potion of mutation {unknown}
 C - 3 potions of haste
 M - a potion of magic {unknown}
 N - a potion of brilliance {unknown}
 Q - a potion of berserk rage {unknown}
 R - a potion of cancellation {unknown}
Comestibles
 f - 16 rations


   Skills:
 * Level 8.2 Fighting
 * Level 11.0 Maces & Flails
 + Level 5.1 Crossbows
 + Level 2.1 Throwing
 * Level 10.7 Armour
 * Level 6.1 Dodging
 + Level 0.5 Stealth
 * Level 10.3 Shields
 + Level 0.3 Invocations


You had 10 spell levels left.
You didn't know any spells.
Your spell library contained the following spells:

 Spells                   Type           Power        Failure   Level  Hunger
 Animate Skeleton         Necr           N/A          97%         1    ##.....
 Apportation              Tloc           #.....       97%         1    ##.....
 Corona                   Hex            #......      97%         1    ##.....
 Summon Small Mammal      Summ           #...         97%         1    ##.....
 Poisonous Vapours        Pois/Air       #.....       99%         2    ###....
 Conjure Flame            Conj/Fire      #.......     100%        3    ####...
 Mephitic Cloud           Conj/Pois/Air  #.......     100%        3    ####...
 Freezing Cloud           Conj/Ice/Air   #.........   100%        6    #######
 Ring of Flames           Chrm/Fire      #.........   100%        7    #######


Dungeon Overview and Level Annotations

Branches:
Dungeon (8/15)             Temple (0/1) D:7            Lair (3/6) D:8
  Swamp: Lair:2-4    Shoals: Lair:2-4     Snake: Lair:2-4    Spider: Lair:2-4

Altars:
Ashenzari
Elyvilon
Hepliaklqana
Kikubaaqudgha
Makhleb
Nemelex Xobeh
Okawaru
Sif Muna
Wu Jian
Xom
The Shining One

Shops:
D:5 =%}%[   D:6 *   D:7 *


Innate Abilities, Weirdness & Mutations

You reflexively headbutt those who attack you in melee.
You have a pair of horns on your head.


Message History

You eat one of the 17 rations.
That ration really hit the spot!
The yak gores you but does no damage. x2
You hit the yak. Your headbutt misses the yak.
The yak is heavily wounded.
The yak gores you.
* * * LOW HITPOINT WARNING * * *
The yak closely misses you. You furiously retaliate!
You headbutt the yak. You whack the yak! Your headbutt misses the yak.
The yak is severely wounded.
You hit the yak.
The yak is almost dead.
The yak gores you but does no damage. x2
You barely miss the yak. You headbutt the yak!
You kill the yak!
Okawaru accepts your kill.
Your chain mail prevents you from hitting the yak.
Your headbutt misses the yak.
The yak is lightly wounded.
The yak gores you!
You die...

#..##
########.....
#@†#.#.......
##YY..#P.....
#....#...(..
#...........
##........(..
#P..†........
##...##......
##...P##.....
#....P# .....


You could see 2 yaks.

Vanquished Creatures
  Harold (D:8)
  A wizard (D:8)
  Pikel (D:7)
  A molten gargoyle (Lair:3)
  3 spiny frogs
  A rime drake (Lair:3)
  A polar bear (Lair:2)
  3 blink frogs (Lair:1)
  3 hippogriffs
  Sigmund (D:2)
  16 yaks
  A basilisk (Lair:1)
  A water moccasin (Lair:1)
  4 porcupines (Lair:1)
  2 ice beasts
  A black bear (D:7)
  A phantom (D:5)
  An ogre (D:8)
  2 crocodiles (Lair:1)
  A wyvern zombie (D:7)
  4 bullfrogs
  3 scorpions
  14 wights
  4 electric eels (Lair:1)
  A crimson imp (D:7)
  A jelly (D:7)
  4 hounds
  3 orc priests
  3 orc wizards
  Crazy Yiuf (D:2)
  Terence (D:1)
  2 iguanas
  2 worker ants
  A hound zombie (D:6)
  2 hound skeletons
  A worker ant zombie (D:7)
  6 adders
  A howler monkey skeleton (D:8)
  A shadow imp (D:7)
  An ooze (D:4)
  An adder skeleton (D:7)
  A worm (D:2)
  A dart slug (D:1)
  5 leopard geckos
  26 orcs
  A ball python (D:2)
  7 bats
  8 giant cockroaches
  6 goblins
  10 hobgoblins
  21 jackals
  4 quokkas
  3 frilled lizards
  9 kobolds
  A quokka skeleton (D:3)
  8 rats
214 creatures vanquished.

Vanquished Creatures (others)
  4 slaves (D:7)
  A wight (D:7)
  A worker ant (D:7)
  A hound zombie (D:7)
  A hound skeleton (D:7)
  An orc (D:7)
  A plant (Lair:1)
10 creatures vanquished.

Grand Total: 224 creatures vanquished

Notes
Turn   | Place    | Note
-------+----------+-------------------------------------------
     0 | D:1      | funkygono the Minotaur Fighter began the quest for the Orb.
     0 | D:1      | Reached XP level 1. HP: 19/19 MP: 0/0
   223 | D:1      | Reached XP level 2. HP: 26/27 MP: 1/1
   823 | D:2      | Noticed Terence
   858 | D:1      | Killed Terence
   858 | D:1      | Reached XP level 3. HP: 33/33 MP: 2/2
   860 | D:1      | Reached skill level 3 in Maces & Flails
   999 | D:2      | Reached XP level 4. HP: 40/40 MP: 3/3
  1089 | D:2      | Noticed Sigmund
  1105 | D:2      | Killed Sigmund
  1105 | D:2      | Reached skill level 4 in Maces & Flails
  1105 | D:2      | Reached skill level 1 in Dodging
  1105 | D:2      | Reached skill level 5 in Shields
  1105 | D:2      | Reached XP level 5. HP: 39/47 MP: 4/4
  1184 | D:2      | Found a runed translucent door.
  1185 | D:2      | Noticed Crazy Yiuf
  1193 | D:2      | Killed Crazy Yiuf
  1292 | D:2      | Reached XP level 6. HP: 53/53 MP: 5/5
  3299 | D:5      | Entered Level 5 of the Dungeon
  3299 | D:5      | Found Miruuz's Food Boutique.
  3338 | D:5      | Found Bifuulix's Food Boutique.
  3350 | D:5      | Reached skill level 5 in Maces & Flails
  3350 | D:5      | Reached skill level 5 in Armour
  3350 | D:5      | Reached XP level 7. HP: 29/60 MP: 6/6
  3627 | D:5      | Found a shimmering blue altar of Sif Muna.
  3716 | D:5      | Found Pilan's Gadget Boutique.
  3841 | D:5      | Reached skill level 1 in Throwing
  3881 | D:5      | Found Nosib's Jewellery Shop.
  4143 | D:5      | Found Pujaq's Antique Armour Boutique.
  4146 | D:5      | Bought a pair of boots for 112 gold pieces
  4261 | D:6      | Reached skill level 5 in Fighting
  4350 | D:6      | Found Niawis's Lightly-Used Armoury.
  4358 | D:6      | Bought a -3 demon whip for 1 gold piece
  4676 | D:6      | Found a shimmering altar of Xom.
  4678 | D:6      | Found a shimmering blue altar of Sif Muna.
  4678 | D:6      | Found a sparkling altar of Nemelex Xobeh.
  4680 | D:6      | Found a hazy altar of Hepliaklqana.
  4680 | D:6      | Found an ancient bone altar of Kikubaaqudgha.
  4680 | D:6      | Found a shattered altar of Ashenzari.
  4749 | D:7      | Reached skill level 6 in Maces & Flails
  4749 | D:7      | Reached XP level 8. HP: 61/68 MP: 7/7
  4803 | D:7      | Noticed Pikel
  4825 | D:7      | Killed Pikel
  4827 | D:7      | Reached skill level 7 in Maces & Flails
  5074 | D:7      | Found Vuuneun's Assorted Antiques.
  5220 | D:7      | Identified the +8 arbalest of the Extremes {penet, +Inv rC+
                  | Int+4}
  5526 | D:7      | Noticed a hippogriff
  5536 | D:7      | Killed a hippogriff
  5536 | D:7      | Reached XP level 9. HP: 58/75 MP: 8/8
  5665 | D:7      | Found a staircase to the Ecumenical Temple.
  5710 | D:7      | Reached skill level 8 in Maces & Flails
  6067 | D:7      | Found an iron altar of Okawaru.
  6082 | D:7      | Became a worshipper of Warmaster Okawaru
  6148 | D:8      | Found a staircase to the Lair.
  6188 | D:8      | Found a sparkling altar of Nemelex Xobeh.
  6360 | D:8      | Found a glowing golden altar of the Shining One.
  6366 | D:8      | Noticed a wizard
  6377 | D:8      | Killed a wizard
  6377 | D:8      | Reached * piety under Okawaru
  6414 | D:8      | Got a bloodstained cloak
  6425 | D:8      | Identified the +0 cloak "Daomeov" {Int+8 Dex-4} (You found
                  | it on level 8 of the Dungeon)
  6444 | D:8      | Noticed Harold
  6465 | D:8      | Killed Harold
  6465 | D:8      | Reached ** piety under Okawaru
  6465 | D:8      | Reached skill level 9 in Maces & Flails
  6465 | D:8      | Reached XP level 10. HP: 71/86 MP: 9/9
  6721 | D:8      | Found a sparkling altar of Nemelex Xobeh.
  6933 | D:8      | Found an ornate altar of the Wu Jian Council.
  6933 | D:8      | Found a white marble altar of Elyvilon.
  6940 | D:8      | Found a faded altar of an unknown god.
  6942 | D:8      | Found a faded altar of an unknown god.
  6944 | D:8      | Found a burning altar of Makhleb.
  7074 | Lair:1   | Entered Level 1 of the Lair of Beasts
  7598 | Lair:1   | Reached skill level 5 in Dodging
  8321 | Lair:1   | Reached *** piety under Okawaru
  8321 | Lair:1   | Reached skill level 10 in Maces & Flails
  8962 | Lair:1   | Reached skill level 10 in Shields
  8995 | Lair:1   | Noticed a spiny frog
  9009 | Lair:1   | Killed a spiny frog
  9009 | Lair:1   | Reached **** piety under Okawaru
  9028 | Lair:1   | HP: 4/88 [poisoned by a spiny frog]
  9036 | Lair:1   | HP: 4/88 [poisoned by a spiny frog]
  9914 | Lair:2   | Reached skill level 10 in Armour
  9914 | Lair:2   | Reached XP level 11. HP: 84/94 MP: 10/10
 10536 | Lair:3   | Received a gift from Okawaru
 10943 | Lair:3   | Reached skill level 11 in Maces & Flails
 10948 | Lair:3   | Reached skill level 5 in Crossbows
 10973 | Lair:3   | Slain by a yak

Illustrated notes

Levels and vault maps discovered:
D:1:      dpeg_arrival_erosion, layout_rooms
D:2:      layout_rooms, minmay_quantized, uniq_terence, uniq_sigmund,
          uniq_crazy_yiuf_cottage
D:3:      layout_loops_ring, first_ration
D:4:      layout_loops_corners
D:5:      layout_cave_pools, lemuel_crystal_altar, serial_shops,
          nicolae_shop_behind_doors, shop, shop, nicolae_shop_stone, shop
D:6:      layout_basic, doesnt_xom_only_xom, minmay_shop_damaged
D:7:      layout_rooms, minmay_temple_entry_fiery, serial_shops,
          kennysheep_mini_moat, minmay_liquid_box, kennysheep_okawaru_gauntlet,
          uniq_pikel
D:8:      cheibrodos_wizards_tower, layout_basic,
          chequers_temple_overflow_minitemple, old_standard_altar,
          dpeg_oklobed_lair, basic_altar, tso_metal_star, uniq_harold
Lair:1:   layout_long_grid, serial_bayou_pond_b, serial_bayou_lagoon_b
Lair:2:   layout_regular_city
Lair:3:   layout_gridlike, spider_nest_entry_a, infiniplex_staircase_pool,
          lemuel_fruit_fields

Skill      XL: |  1  2  3  4  5  6  7  8  9 10 11 |
---------------+----------------------------------+-----
Shields        | 4 5 6 7 8 9 10 | 10.3
Armour         | 4 5 7 8 10 | 10.7
Fighting       | 4 5 7 8 |  8.2
Maces & Flails | 3 4 5 6 7 9 10 11 | 11.0
Dodging        | 1 2 3 4 5 6 |  6.1
Throwing       | 1 2 |  2.1
Crossbows      | 3 4 5 |  5.1
Stealth        | |  0.5
Invocations    | |  0.3

Action                   |  1- 3 |  4- 6 |  7- 9 | 10-12 || total
-------------------------+-------+-------+-------+-------++-------
Melee: Flail             |    46 |       |       |       ||    46
       Headbutt          |    17 |    24 |    59 |    57 ||   157
       Whip              |    40 |   171 |   184 |       ||   395
       Demon whip        |       |       |    78 |   269 ||   347
 Fire: Arbalest          |       |       |    27 |    47 ||    74
Throw: Stone             |     1 |     6 |     2 |       ||     9
       Javelin           |       |       |    21 |       ||    21
Invok: Heroism           |       |       |       |     7 ||     7
  Use: Scroll            |     4 |    11 |     1 |     8 ||    24
       Potion            |       |       |     2 |     1 ||     3
  Eat: Chunk             |       |     6 |     6 |    11 ||    23
       Ration            |       |       |     2 |     1 ||     3
Armor: Scale mail        |    36 |     3 |       |       ||    39
       Chain mail        |       |    73 |    94 |   102 ||   269
Dodge: Dodged            |    28 |    27 |    52 |    92 ||   199
Block: Kite shield       |    64 |    81 |   112 |       ||   257
